Map: 2000 Atmospheres LE

Players

Rattata (Vanya)

  • Race: Zerg Zerg
  • League: Master

Lambo - Winner!

  • Race: Zerg Zerg
  • League: Grandmaster

Event: TSL 8

VOD

Have the link to the VOD?

Description

Time

  • Played on: Nov. 28, 2021, 8:41 a.m.
  • Length: 10:23

All games in this series

Show
View Real Time Build Order
Export as new Build Order

Rattata Zerg 

Build Orders: Hatch First 

Get SALT Encoding   

  12  0:00  Drone  
  13  0:12  Overlord  
  13  0:17  Drone  
  14  0:30  Drone x2  
  16  0:48  Hatchery  
  15  0:51  Drone  
  15  0:55  Drone  
  17  0:58  Drone  
  18  1:09  Extractor  
  17  1:13  Spawning Pool  
  17  1:16  Drone  
  17  1:20  Drone  
  18  1:29  Drone  
  19  1:38  Drone  
  20  1:49  Drone  
  21  2:00  Queen x2  
  25  2:01  Zergling x2  
  25  2:02  Overlord  
  26  2:09  Metabolic Boost  
  26  2:10  Zergling x2  
  26  2:11  Drone  
  28  2:21  Drone  
  28  2:22  Drone  
  30  2:33  Hatchery  
  30  2:36  Drone  
  30  2:44  Queen  
  30  2:49  Drone  
  33  2:53  Baneling Nest  
  33  2:56  Overlord  
  32  2:59  Drone  
  32  3:01  Drone  
  32  3:04  Drone  
  35  3:06  Drone  
  36  3:16  Drone  
  36  3:17  Zergling x6  
  40  3:21  Overlord  
  40  3:24  Drone  
  41  3:30  Lair  
  41  3:32  Drone  
  41  3:33  Drone, Extractor  
  42  3:35  Drone  
  42  3:40  Drone x2  
  45  3:42  Drone  
  45  3:45  Extractor  
  45  3:49  Drone, Evolution Chamber  
  45  3:51  Drone  
  45  3:54  Drone x2  
  48  4:01  Overlord  
  48  4:04  Roach Warren  
  48  4:06  Drone  
  48  4:07  Drone  
  49  4:12  Drone  
  49  4:13  Drone  
  49  4:17  Zerg Missile Weapons Level 1  
  51  4:20  Drone x2  
  51  4:21  Drone  
  54  4:25  Drone x2  
  54  4:29  Overlord  
  54  4:30  Drone  
  57  4:33  Drone  
  57  4:35  Drone x2  
  59  4:43  Overseer  
  59  4:44  Drone x3  
  62  4:46  Drone, Glial Reconstitution  
  63  4:53  Overlord  
  63  4:54  Drone  
  63  4:55  Drone x2  
  66  5:00  Drone x4  
  66  5:05  Overlord  
  66  5:06  Extractor x2  
  68  5:11  Overlord  
  68  5:12  Roach x3  
  74  5:16  Overlord x2  
  74  5:20  Spine Crawler  
  74  5:25  Roach x2  
  74  5:27  Spine Crawler  
  77  5:28  Overlord  
  77  5:29  Roach  
  77  5:33  Roach x3  
  85  5:38  Baneling x3  
  85  5:39  Baneling, Roach x2  
  89  5:43  Roach x2  
  89  5:48  Roach x3  
  99  5:51  Roach x2  
  99  5:56  Roach x2  
  99  5:58  Queen  
  99  6:03  Roach x2  
  99  6:06  Roach  
  91  6:14  Roach x4  
  90  6:21  Roach x3  
  90  6:24  Roach  
  90  6:30  Roach  
  88  6:34  Roach x4  
  90  6:43  Roach  
  90  6:46  Ravager  
  76  6:48  Roach  
  76  6:51  Extractor  
  75  6:58  Spire  
  75  7:01  Queen  
  68  7:02  Roach x2  
  68  7:04  Roach  
  76  7:09  Drone  
  76  7:14  Roach x2  
  81  7:18  Roach x2  
  81  7:20  Hatchery  
  84  7:29  Roach x2  
  84  7:39  Drone x2  
  84  7:42  Roach x3  
  91  7:52  Drone x2  
  91  7:55  Drone  
  91  7:56  Queen  
  96  8:02  Extractor  
  96  8:04  Overlord  
  95  8:08  Drone x2  
  95  8:10  Drone  
  96  8:13  Mutalisk x2  
  96  8:19  Drone x4  
  104  8:28  Overlord  
  104  8:30  Mutalisk  
  106  8:35  Mutalisk  
  106  8:40  Mutalisk  
  110  8:44  Mutalisk x2  
  114  8:53  Mutalisk x2, Overlord  
  114  8:55  Overlord  
  118  9:06  Mutalisk  
  118  9:09  Overlord  
  120  9:11  Evolution Chamber  
  120  9:14  Mutalisk x2  
  123  9:23  Spine Crawler  
  123  9:24  Spine Crawler x2  
  121  9:25  Mutalisk  
  122  9:34  Overlord  
  120  9:40  Mutalisk x3  
  108  9:45  Mutalisk  
  108  9:47  Zergling x6  
Show
View Real Time Build Order
Export as new Build Order

Lambo Zerg - Winner!

Build Orders: Hatch First 

Get SALT Encoding   

  12  0:00  Drone  
  13  0:12  Overlord  
  13  0:17  Drone  
  14  0:30  Drone x2  
  16  0:47  Hatchery  
  15  0:51  Drone  
  15  0:54  Drone  
  18  0:57  Drone  
  18  1:07  Extractor  
  17  1:12  Spawning Pool  
  17  1:15  Drone  
  18  1:18  Drone  
  18  1:27  Drone  
  19  1:38  Drone  
  20  1:48  Drone  
  21  1:59  Zergling x2, Queen x2  
  21  2:00  Overlord  
  26  2:07  Metabolic Boost  
  26  2:09  Drone  
  26  2:11  Drone  
  28  2:21  Drone  
  28  2:22  Zergling x2  
  30  2:33  Drone  
  30  2:36  Hatchery  
  30  2:40  Drone  
  30  2:41  Drone  
  32  2:46  Baneling Nest  
  32  2:50  Overlord  
  31  2:54  Drone  
  31  2:55  Drone  
  33  3:05  Zergling x2, Queen  
  33  3:09  Drone x2  
  33  3:10  Drone  
  33  3:12  Zergling x2  
  39  3:17  Overlord  
  39  3:20  Drone x2  
  39  3:25  Zergling x2  
  42  3:30  Baneling  
  42  3:31  Evolution Chamber  
  41  3:36  Drone x3  
  41  3:40  Drone x3  
  47  3:43  Overlord  
  47  3:50  Drone x2  
  47  3:52  Overlord  
  49  3:58  Zerg Ground Armor Level 1  
  49  4:01  Extractor  
  49  4:02  Extractor  
  47  4:06  Roach Warren  
  47  4:09  Drone x4  
  50  4:13  Drone  
  50  4:16  Overlord  
  51  4:20  Overlord  
  51  4:24  Drone  
  51  4:26  Overlord  
  51  4:31  Drone, Overlord  
  52  4:42  Overlord  
  52  4:55  Roach x6  
  52  4:57  Roach x5  
  74  5:03  Roach x3  
  80  5:10  Roach x2  
  80  5:13  Zergling x2  
  80  5:14  Zergling x2  
  86  5:18  Zergling x8  
  86  5:20  Zergling x2  
  91  5:23  Zergling x2  
  91  5:28  Baneling x5, Zergling x2  
  92  5:31  Zergling x6  
  92  5:32  Zergling x2  
  97  5:37  Zergling x2  
  97  5:41  Zergling x6  
  101  5:47  Zergling x4  
  103  5:50  Zergling x8  
  103  5:56  Zergling x4  
  103  6:01  Zergling x8  
  104  6:05  Zergling x4  
  103  6:14  Drone x4, Lair  
  101  6:21  Zergling x2  
  101  6:24  Zerg Missile Weapons Level 1  
  99  6:28  Drone x3  
  99  6:32  Extractor  
  96  6:33  Drone  
  96  6:34  Ravager  
  96  6:35  Drone  
  96  6:38  Drone x7  
  101  6:40  Drone x2  
  101  6:46  Drone  
  98  6:49  Drone  
  98  6:51  Queen x2  
  98  6:58  Drone x3  
  101  7:05  Drone, Extractor x2  
  101  7:08  Roach x4  
  108  7:10  Drone x4  
  108  7:13  Overseer  
  108  7:14  Glial Reconstitution  
  112  7:19  Hydralisk Den, Roach  
  112  7:20  Overlord  
  112  7:21  Overlord  
  113  7:23  Overlord  
  111  7:31  Overlord  
  111  7:33  Overlord x2  
  107  7:39  Roach x8  
  121  7:45  Drone x3  
  124  7:53  Ravager  
  124  7:54  Roach x3  
  124  7:57  Grooved Spines  
  131  8:00  Roach x2  
  135  8:06  Hydralisk  
  135  8:10  Hydralisk x4  
  145  8:13  Hydralisk x4  
  145  8:16  Overlord  
  145  8:17  Hydralisk  
  155  8:22  Hydralisk x2  
  159  8:27  Spore Crawler  
  159  8:28  Spore Crawler  
  159  8:29  Spore Crawler  
  159  8:30  Hydralisk x2  
  160  8:35  Hydralisk x3  
  160  8:38  Ravager  
  169  8:41  Roach  
  169  8:45  Overlord  
  169  8:48  Overlord  
  169  8:49  Overlord  
  169  8:50  Overlord  
  169  8:53  Overlord  
  169  8:55  Overlord  
  169  8:58  Overlord  
  169  9:00  Overlord  
  169  9:07  Roach x5  
  179  9:11  Roach x2  
  179  9:14  Ravager  
  179  9:15  Ravager, Roach x2  
  189  9:20  Roach  
  191  9:24  Roach x2  
  193  9:32  Roach x3  
  193  9:36  Roach  
  193  9:37  Roach x2  
  197  9:42  Roach  
  197  9:43  Roach x3  
  197  9:45  Roach  
  172  9:53  Roach  
  172  9:54  Roach x2  
  163  10:00  Roach  
  163  10:01  Roach  
Tags
 
Add a new tag
Caveats
  • Supply blocks, unpowered buildings, or Contaminate may cause inaccurate times.
  • Supply counts are checked every 10 seconds.